 Dungeon Crawl Stone Soup version 0.26-a0-661-g406de6ba63 (webtiles) character file.

Game seed: 417373327519903524

1005 timneilson the Shield-Bearer (level 8, -3/48 HPs)
             Began as a Gargoyle Fighter on Oct 8, 2020.
             Was an Initiate of Okawaru.
             Slain by an ogre
             ... wielding a +0 giant club
              (12 damage)
             ... on level 6 of the Dungeon.
             The game lasted 00:07:19 (4359 turns).

timneilson the Shield-Bearer (Gargoyle Fighter)     Turns: 4359, Time: 00:07:20

Health: -3/48      AC: 20    Str: 21    XL:     8   Next: 20%
Magic:  8/8        EV:  6    Int: 10    God:    Okawaru [......]
Gold:   194        SH: 10    Dex:  9    Spells: 7/7 levels left

rFire    . . .     SeeInvis +   a - +1 long sword
rCold    . . .     Faith    .   c - +0 kite shield
rNeg     + . .     Spirit   .   l - +0 chain mail
rPois    ∞         Reflect  .   g - +2 helmet {SInv}
rElec    +         Harm     .   (no cloak)
rCorr    .         Rampage  .   h - +0 pair of gloves
MR       .....                  (no boots)
Stlth    ..........             (no amulet)
HPRegen  0.16/turn              f - ring of see invisible
MPRegen  0.11/turn              (no ring)

@: no status effects
A: negative energy resistance 1, electricity resistance, unbreathing,
petrification resistance, rot immunity, AC +5
a: Renounce Religion


You were on level 6 of the Dungeon.
You worshipped Okawaru.
Okawaru was noncommittal.
You visited 2 branches of the dungeon, and saw 7 of its levels.

You collected 194 gold pieces.

Inventory:

Hand Weapons
 a - a +1 long sword (weapon)
Armour
 c - a +0 kite shield (worn)
 g - a +2 helmet of see invisible (worn)
 h - a +0 pair of gloves (worn)
 i - a +0 plate armour
 l - a +0 chain mail (worn)
Jewellery
 f - a ring of see invisible (left hand)
Scrolls
 b - a scroll of fear
 k - 7 scrolls of remove curse
 o - a scroll of teleportation
 q - a scroll of magic mapping
 r - a scroll of torment {unknown}
 t - a scroll of fog {unknown}
 u - a scroll of amnesia
 w - a scroll of identify
Potions
 d - 3 potions of might
 e - a potion of resistance
 j - a potion of lignification
 m - 2 potions of stabbing
 n - a potion of brilliance {unknown}
 s - a potion of flight {unknown}
 v - 3 potions of mutation


   Skills:
 + Level 4.9 Fighting
 * Level 4.6 Long Blades
 * Level 6.4 Armour
 * Level 6.4 Shields
 + Level 0.4 Invocations


You had 7 spell levels left.
You didn't know any spells.
Your spell library was empty.

Dungeon Overview and Level Annotations

Branches:
Dungeon (6/15)             Temple (1/1) D:5

Altars:
Ashenzari
Cheibriados
Dithmenos
Elyvilon
Fedhas
Gozag
Kikubaaqudgha
Makhleb
Nemelex Xobeh
Okawaru
Ru
Sif Muna
Trog
Vehumet
Yredelemnul
Zin
The Shining One

Shops:
D:5 *


Innate Abilities, Weirdness & Mutations

You are resistant to torment.
Your stone body is resilient. (AC +5)
You are immune to poison.
You resist negative energy. (rN+)
You are resistant to electric shocks. (rElec)
You can survive without breathing.
You are immune to petrification.
You are immune to rotting.


Message History

The ogre hits you with a +0 giant club!
* * * LOW HITPOINT WARNING * * *
You closely miss the ogre.
The ogre is almost dead.
The ogre hits you with a +0 giant club.
* * * LOW HITPOINT WARNING * * *
Unknown command.
You barely miss the ogre.
The ogre is almost dead.
The ogre hits you with a +0 giant club.
* * * LOW HITPOINT WARNING * * *
Unknown command.
You feel better. The ogre barely misses you.
You hit the ogre.
The ogre is almost dead.
The ogre hits you but does no damage.
You closely miss the ogre.
The ogre is almost dead.
The ogre hits you with a +0 giant club!
You die...

... #.# #.# #.#
#.# .P ###.###.._.
#...O...?P.
.#######.)@##....
.......)<†......#
..#########.......
.....## .....#
######


You could see an ogre.

Vanquished Creatures
  Eustachio (D:5)
  2 black bears
  A centaur (D:5)
  Blork the orc (D:5)
  A howler monkey (D:4)
  2 hounds
  A jelly (D:5)
  An orc priest (D:5)
  2 iguanas
  4 worker ants
  An orc wizard (D:3)
  A howler monkey zombie (D:6)
  Robin (D:3)
  5 adders
  A shadow imp (D:5)
  2 white imps (D:5)
  An ufetubus (D:5)
  An ooze (D:3)
  3 worms
  The ghost of lunkers the Sneak, a weakling KoDe (D:5)
  A dart slug (D:2)
  2 leopard geckos (D:1)
  5 orcs
  7 giant cockroaches
  16 goblins
  13 hobgoblins
  4 jackals (D:4)
  3 quokkas
  14 bats
  4 frilled lizards
  9 kobolds
  A quokka zombie (D:5)
  A rat (D:2)
113 creatures vanquished.

Notes
Turn   | Place    | Note
-------+----------+-------------------------------------------
     0 | D:1      | timneilson the Gargoyle Fighter began the quest for the
                  | Orb.
     0 | D:1      | Reached XP level 1. HP: 14/14 MP: 1/1
   117 | D:1      | Reached XP level 2. HP: 18/19 MP: 2/2
   409 | D:1      | Reached XP level 3. HP: 23/23 MP: 3/3
   836 | D:2      | Reached XP level 4. HP: 28/28 MP: 4/4
   943 | D:2      | Found a shadowy altar of Dithmenos.
  1583 | D:3      | Found a shimmering blue altar of Sif Muna.
  1614 | D:3      | Noticed Robin
  1650 | D:3      | Killed Robin
  1751 | D:3      | Reached XP level 5. HP: 31/33 MP: 5/5
  2022 | D:3      | Found a snail-covered altar of Cheibriados.
  2023 | D:3      | Found an ancient bone altar of Kikubaaqudgha.
  2370 | D:4      | Reached XP level 6. HP: 37/38 MP: 6/6
  2477 | D:4      | Found a sparkling altar of Nemelex Xobeh.
  2490 | D:4      | Reached skill level 5 in Armour
  2490 | D:4      | Reached skill level 5 in Shields
  2963 | D:5      | Entered Level 5 of the Dungeon
  2964 | D:5      | Noticed Eustachio
  2999 | D:5      | Killed Eustachio
  2999 | D:5      | Reached XP level 7. HP: 35/44 MP: 7/7
  3119 | D:5      | HP: 2/44 [white imp (5)]
  3437 | D:5      | Found a sacrificial altar of Ru.
  3439 | D:5      | Found Coumuq's Assorted Antiques.
  3554 | D:5      | Noticed Blork the orc
  3556 | D:5      | Found a staircase to the Ecumenical Temple.
  3567 | D:5      | Killed Blork the orc
  3573 | Temple   | Entered the Ecumenical Temple
  3777 | Temple   | Became a worshipper of Warmaster Okawaru
  4069 | D:5      | Found a runed translucent gate.
  4069 | D:5      | Found a runed translucent gate.
  4070 | D:5      | Found a runed translucent gate.
  4070 | D:5      | Noticed lunkers's ghost (weakling KoDe)
  4082 | D:5      | Killed lunkers's ghost
  4206 | D:5      | Reached XP level 8. HP: 32/48 MP: 8/8
  4328 | D:6      | Found a bloodstained altar of Trog.
  4356 | D:6      | HP: 2/48 [ogre/+0 giant club (2)]
  4359 | D:6      | Slain by an ogre

Illustrated notes

Levels and vault maps discovered:
D:1:      lemuel_arrival_behind_the_door_large, layout_basic
D:2:      layout_basic, nicolae_dithmenos_through_a_glass_darkly
D:3:      layout_basic, old_standard_altar, grunt_temple_overflow_open,
          uniq_robin
D:4:      layout_rooms, nemelex_xobeh_ov_fountains_minmay
D:5:      layout_basic, lemuel_crystal_altar, minmay_temple_entry_overgrown,
          ebering_ghost_rock_garden, serial_shops, shop_statue, uniq_eustachio,
          uniq_blork_the_orc
D:6:      layout_basic, regret_index_temple_of_mockery, trog_ov_bears_minmay
Temple:   jpeg_temple_clearing

Skill      XL: |  1  2  3  4  5  6  7 |
---------------+----------------------+-----
Long Blades    | 2 3 4 |  4.6
Shields        | 4 5 6 |  6.4
Armour         | 4 5 6 |  6.4
Fighting       | 4 |  4.9
Invocations    | |  0.4

Action                   |  1- 3 |  4- 6 |  7- 9 || total
-------------------------+-------+-------+-------++-------
Melee: Long sword        |   108 |   248 |   113 ||   469
  Use: Scroll            |     3 |     9 |       ||    12
       Potion            |       |       |     2 ||     2
Armor: Scale mail        |    75 |   186 |       ||   261
       Chain mail        |       |       |   107 ||   107
Dodge: Dodged            |    43 |   115 |    35 ||   193
Block: Kite shield       |    76 |   159 |    87 ||   322
       Rpst.: Long sword |    10 |    33 |     5 ||    48

Table legend: (Time is in decaauts)
 A = Elapsed time spent in this place.
 B = Non-inter-level travel time spent in this place.
 C = Inter-level travel time spent in this place.
 D = Time resting spent in this place.
 E = Time spent auto-exploring this place.
 F = Levels seen in this place.
 G = Mean time per level.
                   A        B        C        D        E       F      G
               +--------+--------+--------+--------+--------+-----+--------+
         Total |   4510 |   4332 |    178 |     98 |   3226 |   7 |  644.3 |
       Dungeon |   4295 |   4140 |    155 |     98 |   3037 |   6 |  715.8 |
        Temple |    214 |    191 |     23 |      0 |    189 |   1 |  214.0 |
               +--------+--------+--------+--------+--------+-----+--------+

Top non-repeatable levels by time:
     D:5: 1151 daAuts
     D:2: 898 daAuts
     D:3: 817 daAuts
     D:4: 690 daAuts
     D:1: 670 daAuts
  Temple: 214 daAuts
     D:6: 67 daAuts
